 Dungeon Sprint DCSS version 0.29-a0-1033-gb6c65ffae6 (webtiles) character file.

Game seed: 14724529205660996130

2149 mhtbhm the Eclecticist (level 9, -6/47 HPs)
             Began as a Deep Elf Fire Elementalist on Aug 14, 2022.
             Was a Priest of Vehumet.
             Mangled by a sun demon (18 damage)
             ... summoned by an orc sorcerer
             ... in the Dungeon (Sprint III: "The Ten Rune Challenge").
             The game lasted 00:05:12 (1324 turns).

mhtbhm the Eclecticist (Deep Elf Fire Elementalist) Turns: 1324, Time: 00:05:13

Health: -6/47      AC:  4    Str:  4    XL:     9   Next: 10%
Magic:  0/32       EV: 15    Int: 27    God:    Vehumet [***...]
Gold:   28         SH:  4    Dex: 16    Spells: 29/42 levels left

rFire   . . .      SeeInvis .   r - +4 long sword (holy)
rCold   . . .      Faith    .   (no shield)
rNeg    . . .      Spirit   .   a - +0 robe
rPois   .          Reflect  .   (no helmet)
rElec   .          Harm     .   (no cloak)
rCorr   .          Rampage  .   (no gloves)
Will    .....      NoTele   +   (no boots)
Stlth   +++.......              (no amulet)
HPRegen 0.15/turn               (no ring)
MPRegen 0.23/turn               (no ring)

@: no status effects
A: iridescent scales 1, large bone plates 1, clever 1
a: Renounce Religion


You were in the Dungeon.
You worshipped Vehumet.
Vehumet was most pleased with you.
You visited 1 branch You collected 28 gold pieces.

Inventory:

Hand Weapons
 r - a +4 long sword of holy wrath (weapon)
Armour
 a - a +0 robe (worn)
Scrolls
 e - a scroll of immolation {unknown}
 j - a scroll of enchant weapon {unknown}
 n - a scroll of torment {unknown}
 o - a scroll of summoning {unknown}
Potions
 b - 2 potions of magic
 c - a potion of curing
 f - 2 potions of berserk rage
 i - a potion of brilliance {unknown}
 k - a potion of ambrosia {unknown}
 l - 2 potions of flight {unknown}
 m - 3 potions of mutation
 q - a potion of might
Miscellaneous
 s - a phial of floods (inert)


   Skills:
 + Level 1.0 Fighting
 + Level 6.0 Dodging
 + Level 5.1 Stealth
 + Level 1.2 Shields
 + Level 17.1 Spellcasting
 + Level 7.8 Conjurations
 + Level 14.0 Fire Magic
 + Level 1.3 Evocations


You had 29 spell levels left.
You knew the following spells:

 Your Spells              Type           Power      Damage    Failure   Level
a - Foxfire               Conj/Fire      100%       2x1d9     0%          1
b - Scorch                Fire           100%       2d10      0%          2
c - Conjure Flame         Conj/Fire      70%        6-21      1%          3
d - Inner Flame           Hex/Fire       57%        N/A       1%          3
e - Flame Wave            Conj/Fire      70%        2d16      1%          4

Your spell library contained the following spells:

 Spells                   Type           Power      Damage    Failure   Level
 Poisonous Vapours        Pois/Air       46%        N/A       1%          2
 Freeze                   Ice            92%        1d10      1%          1
 Magic Dart               Conj           100%       1d8       1%          1
 Searing Ray              Conj           100%       2d8       1%          2
 Frozen Ramparts          Ice            46%        1d7       1%          3
 Fulminant Prism          Conj/Hex       22%        3d13      1%          4
 Hailstorm                Conj/Ice       44%        3d10      1%          4


Dungeon Overview and Level Annotations

Branches:
Dungeon (1/1)

Altars:
Cheibriados
Dithmenos
Elyvilon
Fedhas
Gozag
Hepliaklqana
Kikubaaqudgha
Makhleb
Nemelex Xobeh
Okawaru
Qazlal
Ru
Sif Muna
Trog
Uskayaw
Vehumet
Wu Jian
Xom
Yredelemnul
Zin
The Shining One
Jiyva
Lugonu

Shops:
D *


Innate Abilities, Weirdness & Mutations

You are partially covered in iridescent scales. (AC +2)
You are partially covered in large bone plates. (SH +4)
Your mind is acute. (Int +4, Str/Dex -1)


Message History

Confirm with . or Enter, or press ? or * to list all spells.
Casting: Flame Wave (safe; 1% risk of failure)
Press: ? - help, Dir - look around, f - activate
Okay, then.
Casting: Flame Wave (safe; 1% risk of failure)
Confirm with . or Enter, or press ? or * to list all spells.
Flames lash the orc knight.
The orc knight is lightly wounded.
The orc knight's fire resistance burns away.
Unknown command.
Casting: Scorch (safe; 0% risk of failure)
Confirm with . or Enter, or press ? or * to list all spells.
Casting: Flame Wave (safe; 1% risk of failure)
Press: ? - help, Dir - look around, f - activate A wave of flame ripples out! (Press . to intensify the flame waves.)
A wave of flame ripples out!
The flame wave engulfs the orc knight!!
The orc knight is burned terribly!
The orc knight is moderately wounded.
The flame wave engulfs the orc sorcerer!!
The orc sorcerer is severely wounded.
The orc sorcerer is engulfed in a cloud of scalding steam.
The orc sorcerer gestures wildly while chanting.
The orc knight hits you with a +3 antimagic battleaxe!!!
Ouch! That really hurt!
* * * LOW HITPOINT WARNING * * *
You feel your power leaking away.
Unknown command.
Okay, then.
You feel much better.
The orc sorcerer casts a spell.
The orc knight is engulfed in a cloud of scalding steam.
The orc knight misses you.
The sun demon hits you but does no damage.
Unknown command.
The orc knight is no longer more vulnerable to fire.
The sun demon hits you!!
* * * LOW HITPOINT WARNING * * *
You are engulfed in flames!!
You die...

▓▓▓▓▓▓▓ ▓▓▓ ..#...####
##.############ #$##
..#......#####..#___#___#__##$$∩$
.##.†.....#..#..#..4#__)#._#.$..o
#.##.##...#..#..###'#'###)##.ooo
#.##.###..##'#..#§o....)...#ooo
.####.##..###...@oo......).#oo
###..##..####...#3..######o#o#
.....##..###....#.⌠.#__#...#'####
##..##...##.....#...#__#...#)o~~~
#..##....#......#'###__#...#)#§~§
..###..##.#.....#)).#__#...).#§..
..# #..#####....#___#__'...#.#..§
▓▓▓ ▓▓▓▓ ▓▓▓▓▓▓▓▓▓▓▓▓▓▓▓▓▓▓▓▓▓▓


You could see 2 orc knights, a sun demon (summoned) and an orc sorcerer
(strong).

Vanquished Creatures
  Josephine (D)
  A deep elf pyromancer (D)
  A shadow (D)
  A spatial vortex (D)
  3 orc warriors (D)
  A necrophage (D)
  A water elemental (D)
  A jelly (D)
  A wizard (D)
  A necromancer (D)
  An orc wizard (D)
  3 humans (D)
  A kobold demonologist (D)
  A phantom (D)
  2 orcs (D)
  An endoplasm (D)
  3 rats (D)
24 creatures vanquished.

Vanquished Creatures (others)
  45 foxfires (D)
45 creatures vanquished.

Grand Total: 69 creatures vanquished

Notes
Turn   | Place    | Note
-------+----------+-------------------------------------------
     0 | D        | mhtbhm the Deep Elf Fire Elementalist began the quest for
                  | the Orb.
     0 | D        | Reached XP level 1. HP: 10/10 MP: 6/6
   168 | D        | Reached skill level 4 in Spellcasting
   168 | D        | Reached skill level 5 in Fire Magic
   168 | D        | Reached XP level 2. HP: 5/15 MP: 3/9
   228 | D        | Learned a level 2 spell: Scorch
   396 | D        | Gained mutation: Your mind is acute. (Int +4, Str/Dex -1)
                  | [potion of mutation]
   396 | D        | Gained mutation: You are partially covered in large bone
                  | plates. (SH +4) [potion of mutation]
   396 | D        | Gained mutation: You are partially covered in iridescent
                  | scales. (AC +2) [potion of mutation]
   427 | D        | Noticed a water elemental
   433 | D        | Killed a water elemental
   434 | D        | Reached skill level 6 in Spellcasting
   434 | D        | Reached XP level 3. HP: 12/19 MP: 5/13
   434 | D        | Reached XP level 4. HP: 15/24 MP: 5/14
   439 | D        | Learned a level 3 spell: Conjure Flame
   443 | D        | Learned a level 3 spell: Inner Flame
   449 | D        | Learned a level 4 spell: Flame Wave
   541 | D        | Found a shadowy altar of Dithmenos.
   541 | D        | Noticed a necrophage
   544 | D        | Killed a necrophage
   545 | D        | Reached skill level 7 in Spellcasting
   545 | D        | Reached XP level 5. HP: 28/28 MP: 6/17
   546 | D        | Reached skill level 8 in Spellcasting
   546 | D        | Found a basalt altar of Yredelemnul.
   546 | D        | Found a sacrificial altar of Ru.
   633 | D        | Found a radiant altar of Vehumet.
   634 | D        | Found a shimmering blue altar of Sif Muna.
   634 | D        | Found an ancient bone altar of Kikubaaqudgha.
   642 | D        | Reached skill level 9 in Spellcasting
   650 | D        | Became a worshipper of Vehumet
   709 | D        | Found a hide-covered altar of Uskayaw.
   709 | D        | Found an iron altar of Okawaru.
   709 | D        | Found a bloodstained altar of Trog.
   709 | D        | Found an ornate altar of the Wu Jian Council.
   709 | D        | Noticed a human
   709 | D        | Noticed a human
   712 | D        | Killed a human
   713 | D        | Reached skill level 5 in Dodging
   713 | D        | Reached skill level 10 in Spellcasting
   713 | D        | Reached skill level 5 in Conjurations
   713 | D        | Reached skill level 10 in Fire Magic
   713 | D        | Reached XP level 6. HP: 22/32 MP: 12/21
   716 | D        | Killed a human
   717 | D        | Reached skill level 11 in Spellcasting
   876 | D        | Found a glowing silver altar of Zin.
   876 | D        | Found a glowing golden altar of the Shining One.
   876 | D        | Found a white marble altar of Elyvilon.
   876 | D        | Noticed a deep elf pyromancer
   880 | D        | Noticed a fire elemental
   880 | D        | Killed a deep elf pyromancer
   880 | D        | Reached * piety under Vehumet
   880 | D        | Offered knowledge of Shock by Vehumet.
   881 | D        | Reached skill level 14 in Spellcasting
   881 | D        | Reached XP level 7. HP: 37/37 MP: 12/26
   957 | D        | Noticed a shadow
   959 | D        | Killed a shadow
   960 | D        | Reached XP level 8. HP: 42/42 MP: 22/28
   962 | D        | Reached skill level 1 in Shields
  1012 | D        | Found a blossoming altar of Fedhas.
  1012 | D        | Found a stormy altar of Qazlal.
  1012 | D        | Found a snail-covered altar of Cheibriados.
  1012 | D        | Found a burning altar of Makhleb.
  1012 | D        | Found a shimmering altar of Xom.
  1013 | D        | Found a hazy altar of Hepliaklqana.
  1013 | D        | Found an opulent altar of Gozag.
  1013 | D        | Found a sparkling altar of Nemelex Xobeh.
  1013 | D        | Found a corrupted altar of Lugonu.
  1013 | D        | Found a viscous altar of Jiyva.
  1025 | D        | Reached ** piety under Vehumet
  1025 | D        | Offered knowledge of Sandblast by Vehumet.
  1026 | D        | Reached skill level 15 in Spellcasting
  1229 | D        | Noticed Josephine
  1233 | D        | Killed Josephine
  1234 | D        | Reached skill level 5 in Stealth
  1234 | D        | Reached skill level 16 in Spellcasting
  1282 | D        | Found Zaudis's Assorted Antiques.
  1284 | D        | Noticed an orc knight
  1293 | D        | Offered knowledge of Poisonous Vapours by Vehumet.
  1294 | D        | Reached skill level 1 in Fighting
  1294 | D        | Reached *** piety under Vehumet
  1295 | D        | Reached skill level 17 in Spellcasting
  1295 | D        | Reached skill level 1 in Evocations
  1295 | D        | Reached XP level 9. HP: 43/47 MP: 30/32
  1295 | D        | Noticed an orc sorcerer
  1295 | D        | Noticed an orc knight
  1323 | D        | Noticed a sun demon
  1324 | D        | Mangled by a sun demon

Illustrated notes

Levels and vault maps discovered:
D:        dungeon_sprint_mu [sprint_mu_entry_cave, sprint_mu_temple_rooms,
          sprint_mu_d1_horrors, sprint_mu_d2_genie, sprint_mu_d3_branching,
          sprint_mu_orc_legion, sprint_mu_elf_gauntlet, sprint_mu_hive_nellie,
          sprint_mu_lair_fedhas, sprint_mu_vaults_butterflies,
          sprint_mu_slime_circle, sprint_mu_swamp_cave, sprint_mu_snake_twists,
          sprint_mu_blade_basic, sprint_mu_crypt_lich, sprint_mu_tomb_spiral,
          sprint_mu_vestibule_basic, sprint_mu_gehenna_hellfire,
          sprint_mu_dis_giant, sprint_mu_tartarus_statrot,
          sprint_mu_cocytus_islands, sprint_mu_zot1]

Skill      XL: |  1  2  3  4  5  6  7  8  9 |
---------------+----------------------------+-----
Fire Magic     | 5 7 8 10 12 13 14 | 14.0
Dodging        | 3 4 5 6 |  6.0
Stealth        | 3 4 5 |  5.1
Spellcasting   | 4 6 7 10 14 17 | 17.1
Conjurations   | 3 5 6 7 |  7.8
Shields        | 1 |  1.2
Fighting       | 1 |  1.0
Evocations     | 1 |  1.3

Action                   |  1- 3 |  4- 6 |  7- 9 || total
-------------------------+-------+-------+-------++-------
 Cast: Foxfire           |    24 |       |     4 ||    28
       Scorch            |     2 |    14 |    14 ||    30
       Flame Wave        |       |     3 |     5 ||     8
       Inner Flame       |       |       |     2 ||     2
Evoke: Wand              |       |       |     8 ||     8
       Phial of floods   |       |       |     1 ||     1
  Use: Potion            |     3 |       |     2 ||     5
       Scroll            |       |       |     2 ||     2
Armor: Robe              |     1 |     1 |     1 ||     3
Dodge: Dodged            |     7 |     5 |     9 ||    21
Block: Other             |     1 |     2 |     2 ||     5

Table legend: (Time is in decaauts)
 A = Elapsed time spent in this place.
 B = Non-inter-level travel time spent in this place.
 C = Inter-level travel time spent in this place.
 D = Time resting spent in this place.
 E = Time spent auto-exploring this place.
 F = Levels seen in this place.
 G = Mean time per level.
                   A        B        C        D        E       F      G
               +--------+--------+--------+--------+--------+-----+--------+
         Total |   1314 |   1314 |      0 |    888 |     72 |   1 | 1314.0 |
       Dungeon |   1314 |   1314 |      0 |    888 |     72 |   1 | 1314.0 |
               +--------+--------+--------+--------+--------+-----+--------+

Top non-repeatable levels by time:
       D: 1314 daAuts
